cohdb
Replays
Latest Replays
All Replays
Popular Replays
Top Player Replays
Match Explorer
How It Works
Community
CoH3 Stats
Reddit
Sign in to upload your games and track your stats! →
Sign in with Steam
MG keking.rec
Match 41142451
Overview
Messages
Build Orders
End
Pioneer Squad
Construct Infanterie Kompanie
Selects Terror Battlegroup
Selects Machine Gun Camouflage
MG 42 Machine Gun Team
MG 42 Machine Gun Team
MG 42 Machine Gun Team
Construct Luftwaffe Kompanie
Jäger Squad
Jäger Squad
Support Elements
Wirbelwind Flakpanzer
Medical Station
Selects No Quarter
Jäger Squad
Construct Panzer Kompanie
Medical Bunker
Panzer IV Medium Tank
Side Skirts
Selects King Tiger Heavy Tank
King Tiger Heavy Tank
Selects Interrogate
Evelynn
BATTLEDANNY1
14141
WARNING ORDER: ZULU!!!
0
0
Comments
sign in to comment!
No comments posted yet!